 Dungeon Crawl Stone Soup version 0.25-a0-611-g6918904 (webtiles) character file.

Game seed: 18396755125827311273, levelgen mode: deterministic

4865 Faca the Carver (level 10, -1/86 HPs)
             Began as a Human Fighter on Mar 16, 2020.
             Was a Believer of Okawaru.
             Killed from afar by a smoke demon (7 damage)
             ... with a sticky flame
             ... on level 1 of the Abyss.
             The game lasted 00:18:41 (8450 turns).

Faca the Carver (Human Fighter)                     Turns: 8450, Time: 00:18:41

Health: -1/86      AC: 12    Str: 20    XL:     10   Next: 79%
Magic:  10/10      EV:  5    Int:  9    God:    Okawaru [**....]
Gold:   463        SH: 11    Dex: 12    Spells: 9/9 levels left

rFire    . . .     SeeInvis .   u - +6 falchion "Vexa" {vorpal, *Noise *Slow rPois Stlth+}
rCold    . . .     Gourm    .   c - +1 kite shield
rNeg     . . .     Faith    .   t - +0 chain mail
rPois    +         Spirit   .   i - +0 helmet
rElec    .         Reflect  .   d - +0 cloak
rCorr    .         Harm     .   (no gloves)
MR       .....                  (no boots)
Stlth    ..........             (no amulet)
HPRegen  0.24/turn              (no ring)
MPRegen  0.12/turn              (no ring)

@: liquid flames, glowing, studying Long Blades
A: no striking features
a: Heroism, Renounce Religion


You were on level 1 of the Abyss.
You worshipped Okawaru.
Okawaru was pleased with you.
You were hungry.

You visited 1 branch of the dungeon, and saw 8 of its levels.
You visited the Abyss 1 time.

You collected 502 gold pieces.
You spent 39 gold pieces at shops.

Inventory:

Hand Weapons
 u - the +6 falchion "Vexa" (weapon) {vorpal, *Noise *Slow rPois Stlth+}
   (You found it on level 6 of the Dungeon)

   It inflicts extra damage upon your enemies.
   It protects you from poison.
   It may make noises in combat.
   It may slow you when you take damage.
   It makes you more stealthy.
 x - a cursed +2 long sword
Armour
 c - a +1 kite shield (worn)
 d - a +0 cloak (worn)
 h - a +0 crystal plate armour
 i - a +0 helmet (worn)
 t - a +0 chain mail (worn)
Jewellery
 o - an uncursed ring of fire
Wands
 b - a wand of random effects (21)
 l - a wand of digging (7)
 v - a wand of paralysis (11)
Scrolls
 a - 3 scrolls of teleportation
 e - 5 scrolls of remove curse
 g - a scroll of fog
 m - 2 scrolls of magic mapping
 y - a scroll of enchant weapon
Potions
 j - 3 potions of invisibility {unknown}
 k - 2 potions of haste {unknown}
 n - 3 potions of flight
 p - 2 potions of ambrosia
 q - 3 potions of lignification
 s - 4 potions of stabbing {unknown}
 w - 3 potions of heal wounds {unknown}
 z - 3 potions of curing
Books
 r - a manual of Long Blades
Comestibles
 f - 8 rations


   Skills:
 + Level 10.4 Fighting
 + Level 11.2 Long Blades
 + Level 4.8 Armour
 + Level 4.8 Shields


You had 9 spell levels left.
You didn't know any spells.
Your spell library was empty.

Dungeon Overview and Level Annotations

Branches:
Dungeon (8/15)             Temple (0/1) D:6
   Lair: D:8-11

Altars:
Cheibriados
Makhleb
Okawaru
Sif Muna
Vehumet
Wu Jian
Xom
The Shining One

Shops:
D:7 ?

Annotations:
D:5 2 transporters, timneilson's ghost, novice DENe


Message History

The smoke demon is severely wounded.
You are covered in liquid flames!
* * * LOW HITPOINT WARNING * * *
Your shield and chain mail prevent you from hitting the smoke demon.
The smoke demon is severely wounded.
You are covered in liquid flames!
* * * LOW HITPOINT WARNING * * *
You block the smoke demon's attack.
The smoke demon hits you but does no damage.
The smoke demon barely misses you.
You hit the smoke demon.
Your falchion "Vexa" raves incoherently.
The smoke demon is almost dead.
You are covered in liquid flames!
* * * LOW HITPOINT WARNING * * *
You hear a shout! x2
The smoke demon gestures at you. The sticky flame hits you!
You are covered in liquid flames!
You die...

## . #.### #
.#.###
##.(..##
##..... ##3.#
##.#####@# $
#. #.....#
....
..#.###.)..#.
. ##.#.....
#..###.# ..##
# #.. #.. ..#


You could see a smoke demon.

Vanquished Creatures
  A two-headed ogre (D:8)
  Pikel (D:4)
  The ghost of kazak the Magician, a novice OpFE of Sif Muna (D:6)
  Grinder (D:5)
  Sigmund (D:2)
  Eustachio (D:5)
  A hungry ghost (D:8)
  A steam dragon (D:7)
  An ice beast (D:5)
  4 slaves
  4 ogres
  2 sky beasts (D:5)
  A phantom (D:4)
  2 centaurs
  A big kobold (D:7)
  4 bullfrogs
  2 scorpions
  10 killer bees
  5 wights (D:7)
  A crimson imp (D:5)
  A bullfrog zombie (D:5)
  2 orc priests
  A jelly (D:7)
  A hound (D:5)
  Crazy Yiuf (D:2)
  A bullfrog skeleton (D:8)
  2 centaur skeletons
  An orc wizard (D:4)
  2 worker ants
  Ijyb (D:3)
  3 iguanas
  A hound skeleton (D:5)
  10 adders
  4 gnolls
  2 shadow imps
  2 oozes
  An adder skeleton (D:3)
  An adder zombie (D:5)
  2 worms
  A dart slug (D:1)
  10 leopard geckos
  23 orcs
  8 bats
  5 giant cockroaches
  5 goblins
  10 hobgoblins
  5 jackals
  5 quokkas
  4 frilled lizards
  A giant cockroach zombie (D:5)
  7 kobolds
  4 leopard gecko skeletons
  A quokka zombie (D:6)
  5 rats
178 creatures vanquished.

Notes
Turn   | Place    | Note
-------+----------+-------------------------------------------
     0 | D:1      | Faca the Human Fighter began the quest for the Orb.
     0 | D:1      | Reached XP level 1. HP: 18/18 MP: 1/1
   101 | D:1      | Reached XP level 2. HP: 16/24 MP: 2/2
   454 | D:1      | Reached XP level 3. HP: 29/29 MP: 3/3
   910 | D:2      | Found a radiant altar of Vehumet.
   988 | D:2      | Reached skill level 3 in Long Blades
  1056 | D:2      | Reached XP level 4. HP: 29/37 MP: 4/4
  1361 | D:2      | Noticed Sigmund
  1369 | D:2      | Killed Sigmund
  1369 | D:2      | Reached skill level 5 in Fighting
  1369 | D:2      | Reached skill level 4 in Long Blades
  1369 | D:2      | Reached XP level 5. HP: 28/44 MP: 5/5
  1369 | D:2      | Reached XP level 6. HP: 33/51 MP: 6/6
  1798 | D:2      | Found a runed translucent door.
  1799 | D:2      | Noticed Crazy Yiuf
  1807 | D:2      | Killed Crazy Yiuf
  2654 | D:4      | Noticed a slave
  2654 | D:4      | Noticed a slave
  2684 | D:4      | Killed a slave
  2701 | D:4      | Killed a slave
  2704 | D:4      | Noticed Pikel
  3023 | D:4      | Reached skill level 5 in Long Blades
  3023 | D:4      | Reached XP level 7. HP: 40/56 MP: 7/7
  3542 | D:4      | Noticed Ijyb
  3615 | D:3      | HP: 2/57 [slave[Pikel] (4)]
  3938 | D:3      | Killed Ijyb
  4212 | D:4      | HP: 2/58 [Pikel/+1 whip of electrocution (3)]
  4213 | D:4      | Killed Pikel
  4213 | D:4      | Reached skill level 6 in Long Blades
  4213 | D:4      | Reached XP level 8. HP: 3/67 MP: 8/8
  4632 | D:5      | Entered Level 5 of the Dungeon
  4764 | D:5      | Reached skill level 7 in Long Blades
  4778 | D:5      | Found a transporter.
  4844 | D:5      | Noticed timneilson's ghost (novice DENe)
  4854 | D:5      | Noticed Grinder
  4881 | D:5      | Killed Grinder
  4881 | D:5      | Reached XP level 9. HP: 56/74 MP: 9/9
  4970 | D:5      | Found a transporter.
  5092 | D:5      | Noticed Eustachio
  5127 | D:5      | Killed Eustachio
  5127 | D:5      | Reached skill level 8 in Long Blades
  6046 | D:6      | Got an encrusted falchion
  6047 | D:6      | Identified the +6 falchion "Vexa" {vorpal, *Noise *Slow
                  | rPois Stlth+} (You found it on level 6 of the Dungeon)
  6107 | D:6      | Found an ornate altar of the Wu Jian Council.
  6239 | D:6      | Noticed kazak's ghost (novice OpFE)
  6284 | D:6      | Reached skill level 9 in Long Blades
  6286 | D:6      | Found an iron altar of Okawaru.
  6296 | D:6      | Became a worshipper of Warmaster Okawaru
  6348 | D:6      | Found a staircase to the Ecumenical Temple.
  6396 | D:6      | Found a transporter.
  6465 | D:6      | Found a transporter.
  6467 | D:6      | Identified a scroll of acquirement
  6512 | D:6      | Killed kazak's ghost
  6557 | D:6      | Found a shimmering blue altar of Sif Muna.
  6585 | D:6      | Found a glowing golden altar of the Shining One.
  6618 | D:6      | Found a snail-covered altar of Cheibriados.
  6825 | D:7      | Reached XP level 10. HP: 76/84 MP: 10/10
  6827 | D:7      | Reached skill level 10 in Long Blades
  7321 | D:7      | Reached skill level 10 in Fighting
  7354 | D:7      | Reached * piety under Okawaru
  7394 | D:7      | Found Anievemm's Magic Scroll Boutique.
  7409 | D:7      | Bought a scroll of teleportation for 39 gold pieces
  7931 | D:8      | Found a burning altar of Makhleb.
  7931 | D:8      | Found a shimmering altar of Xom.
  8341 | D:8      | Noticed a two-headed ogre
  8379 | D:8      | Killed a two-headed ogre
  8379 | D:8      | Reached ** piety under Okawaru
  8379 | D:8      | Reached skill level 11 in Long Blades
  8386 | D:8      | Cast into level 1 of the Abyss (gnoll sergeant)
  8441 | Abyss:1  | Noticed a smoke demon
  8450 | Abyss:1  | Killed from afar by a smoke demon

Levels and vault maps discovered:
D:1:      sevenhm_arrival_forest_fort_small_3, layout_basic
D:2:      minmay_spotlight, layout_loops_corners, lemuel_crystal_altar,
          minmay_misc_feat_roman, uniq_sigmund, uniq_crazy_yiuf_cottage
D:3:      layout_loops_ring, first_ration, minmay_cut_off
D:4:      layout_basic, uniq_pikel, uniq_ijyb
D:5:      layout_cave_pools, gammafunk_ghost_mausoleum, uniq_eustachio,
          uniq_grinder
D:6:      layout_rooms, okawaru_ov_weapons_minmay,
          nicolae_overflow_quartered_altars, lemuel_temple_firewalk_b,
          gammafunk_ghost_arena, interstate_on_off
D:7:      layout_basic, serial_shops, shop
D:8:      layout_loops_corners, grunt_temple_overflow_champion_of_chaos
Abyss:1:  base:
D:6

Skill      XL: |  1  2  3  4  5  6  7  8  9 10 |
---------------+-------------------------------+-----
Long Blades    | 3 4 5 6 7 9 11 | 11.2
Fighting       | 5 7 8 9 10 | 10.4
Shields        | 4 |  4.8
Armour         | 4 |  4.8

Action                   |  1- 3 |  4- 6 |  7- 9 | 10-12 || total
-------------------------+-------+-------+-------+-------++-------
Melee: Long sword        |    99 |   207 |   379 |       ||   685
       Falchion          |       |       |    38 |   184 ||   222
Invok: Heroism           |       |       |       |     1 ||     1
Evoke: Wand              |       |       |       |     1 ||     1
  Use: Scroll            |     6 |     4 |     5 |     1 ||    16
       Potion            |       |     1 |     2 |       ||     3
  Eat: Chunk             |       |     5 |     7 |     5 ||    17
       Ration            |       |     1 |     1 |     1 ||     3
Armor: Scale mail        |    44 |    77 |   136 |       ||   257
       Chain mail        |       |       |    60 |   121 ||   181
Dodge: Dodged            |    30 |    46 |   119 |    39 ||   234
Block: Kite shield       |    52 |   122 |   240 |   106 ||   520
       Rpst.: Long sword |     9 |    13 |    34 |       ||    56
       Falchion          |       |       |     3 |    13 ||    16

Table legend:
 A = Non-vault XP
 B = Vault XP
 C = Vault XP percentage of total XP
 D = Non-vault monster count
 E = Vault monster count
 F = Vault count percentage of total count
                 A         B        C        D         E       F
            +---------+---------+-------+---------+---------+-------
      Total |    5005 |    1946 |  28.0 |     159 |      15 |   8.6
            +---------+---------+-------+---------+---------+-------
        D:1 |      43 |       0 |   0.0 |      21 |       0 |   0.0
        D:2 |      71 |     268 |  79.1 |      19 |       5 |  20.8
        D:3 |      58 |      71 |  55.0 |      18 |       6 |  25.0
        D:4 |     301 |     663 |  68.8 |      11 |       1 |   8.3
        D:5 |    1169 |     474 |  28.8 |      26 |       2 |   7.1
        D:6 |     254 |     470 |  64.9 |      23 |       1 |   4.2
        D:7 |    1418 |       0 |   0.0 |      26 |       0 |   0.0
        D:8 |    1691 |       0 |   0.0 |      15 |       0 |   0.0
            +---------+---------+-------+---------+---------+-------
